 Dungeon Crawl Stone Soup version 0.31.0-2-g5a2aebc5c2 (webtiles) character file.

Game seed: 14318177334206287264

1690137 Charly the Grand Master (level 27, 317/317 HPs)
             Began as a Barachi Shapeshifter on Jan 20, 2024.
             Was a High Priest of Fedhas.
             Escaped with the Orb
             ... and 3 runes!
             The game lasted 02:36:42 (66198 turns).

Charly the Grand Master (Barachi Shapeshifter)     Turns: 66198, Time: 02:36:43

Health: 317/317    AC: 44    Str: 18    XL:     27
Magic:  32/32      EV: 31    Int: 16    God:    Fedhas [*****.]
Gold:   5358       SH: 11    Dex: 27    Spells: 26/26 levels left

rFire   + +          +
                       - Unarmed
rCold   + . .        a - +3 warlock's mirror {omnireflect}
rNeg    + . .        (body armour currently unavailable)
rPois   ∞            r - +2 helmet
rElec   +            U - +2 cloak {Will+}
rCorr   .            (gloves currently unavailable)
SInv    +            (boots currently unavailable)
Will    ++++.        V - amulet "Kuriom" {rF+++ Regen+ Str+4 Stlth-}
Stlth   +            Z - ring of Vocikik {rElec Will+ EV+5 Int+3}
HPRegen 1.52/turn    j - ring "Laufrox" {rF+ rC+ Str-3 Dex+5 SInv}
MPRegen 0.23/turn

%: reflection
@: statue-form, studying Maces & Flails, very slow
A: slow and powerful, torment resistance 1, boosted hp, amphibious, (slowness
1), strong legs 2, +LOS, low MP 1
0: Orb of Zot
}: 3/15 runes: serpentine, barnacled, silver
a: Hop, Begin Untransformation, Renounce Religion, Wall of Briars, Grow
Ballistomycete, Overgrow, Grow Oklob


You escaped.
You worshipped Fedhas.
Fedhas was extremely pleased with you.
You were a living statue of rough stone.
You visited 9 branches of the dungeon, and saw 45 of its levels.
You visited the Abyss 1 time.
You also visited: Trove, Bailey and Volcano.

You collected 9432 gold pieces.
You spent 4074 gold pieces at shops.

Inventory:

Missiles
 H - 4 throwing nets
Armour
 a - the +3 warlock's mirror (worn) {omnireflect}
   (You bought it in a shop on level 4 of the Vaults)

   Omnireflect: It can block and reflect piercing ranged attacks and magical
   attacks against the wielder's willpower.
 r - a +2 helmet (worn)
 U - a +2 cloak of willpower (worn)
Jewellery
 c - a ring of protection from cold
 f - the ring of the Assorted Heavens {Fly rF++ rCorr}
   (You found it on level 7 of the Dungeon)

   [ring of flight]

   rF++:      It greatly protects you from fire.
   Fly:       It grants you flight.
   rCorr:     It protects you from acid and corrosion.
 j - the ring "Laufrox" (right fist) {rF+ rC+ Str-3 Dex+5 SInv}
   (You found it in a treasure trove)

   [ring of see invisible]

   Str-3:     It affects your strength (-3).
   Dex+5:     It affects your dexterity (+5).
   rF+:       It protects you from fire.
   rC+:       It protects you from cold.
   SInv:      It lets you see invisible.
 m - the ring "Goaryl" {Will+ Stlth+}
   (You found it on level 1 of the Lair of Beasts)

   [ring of willpower]

   Will+:     It increases your willpower.
   Stlth+:    It makes you more stealthy.
 n - the ring "Cyckyappym" {^Contam rN+ EV+5 SInv}
   (You found it in a treasure trove)

   [ring of evasion]

   EV+5:      It affects your evasion (+5).
   rN+:       It protects you from negative energy.
   SInv:      It lets you see invisible.
   ^Contam:   It causes magical contamination when unequipped.
 V - the amulet "Kuriom" (around neck) {rF+++ Regen+ Str+4 Stlth-}
   (You bought it in a shop on level 2 of the Orcish Mines)

   [amulet of regeneration]

   Str+4:     It affects your strength (+4).
   rF+++:     It renders you almost immune to fire.
   Regen+:    It increases your rate of health regeneration.
   Stlth-:    It makes you less stealthy.
 Z - the ring of Vocikik (left fist) {rElec Will+ EV+5 Int+3}
   (You found it in a treasure trove)

   [ring of evasion]

   EV+5:      It affects your evasion (+5).
   Int+3:     It affects your intelligence (+3).
   rElec:     It insulates you from electricity.
   Will+:     It increases your willpower.
Talismans
 G - a granite talisman (active)
 W - a dragon-blood talisman
Wands
 y - a wand of digging (14)
 A - a wand of charming (49)
 K - a wand of polymorph (20)
 N - a wand of iceblast (26)
 P - a wand of quicksilver (42)
 S - a wand of flame (65)
 Y - a wand of mindburst (15)
Scrolls
 e - 3 scrolls of silence
 o - 23 scrolls of teleportation
 q - 4 scrolls of vulnerability
 t - 11 scrolls of poison
 u - 5 scrolls of immolation
 w - 11 scrolls of enchant armour
 D - 5 scrolls of summoning
 E - 9 scrolls of fear
 J - 4 scrolls of blinking
 L - 2 scrolls of revelation
 M - 11 scrolls of fog
Potions
 b - 5 potions of cancellation
 d - 2 potions of berserk rage
 g - a potion of brilliance
 h - 11 potions of heal wounds
 k - 14 potions of attraction
 l - 5 potions of lignification
 s - 17 potions of curing
 x - 6 potions of haste
 C - 4 potions of enlightenment
 F - 4 potions of magic
 I - 7 potions of ambrosia
 O - 7 potions of mutation
 Q - 3 potions of might
 X - a potion of invisibility
Miscellaneous
 i - a condenser vane (quivered)
 p - a box of beasts
 z - a lightning rod (4/4)
 B - a phantom mirror
 R - a phial of floods


   Skills:
 + Level 25.7 Fighting
 + Level 14.4 Dodging
 - Level 3.0 Stealth
 * Level 11.0 Shields
 O Level 27 Unarmed Combat
 + Level 17.8 Invocations
 - Level 10.0 Evocations
 - Level 25.0 Shapeshifting


You had 26 spell levels left.
You didn't know any spells.
Your spell library contained the following spells:

 Spells                   Type           Power      Damage    Failure   Level
 Apportation              Tloc           0%         N/A       28%         1
 Foxfire                  Conj/Fire      0%         2x1d4     28%         1
 Kiss of Death            Conj/Necr      0%         2d5       28%         1
 Magic Dart               Conj           0%         1d3       28%         1
 Necrotise                Necr           0%         1d4       28%         1
 Sandblast                Erth           0%         2d4       28%         1
 Slow                     Hex            0%         N/A       28%         1
 Sting                    Conj/Alch      0%         1d3       28%         1
 Summon Small Mammal      Summ           0%         N/A       28%         1
 Blink                    Tloc           0%         N/A       41%         2
 Call Imp                 Summ           0%         N/A       41%         2
 Cigotuvi's Dreadful Rot  Necr/Alch/Air  0%         N/A       41%         2
 Jinxbite                 Hex            0%         N/A       41%         2
 Lesser Beckoning         Tloc           0%         N/A       41%         2
 Mercury Vapours          Alch/Air       0%         N/A       41%         2
 Momentum Strike          Conj/Tloc      0%         3d8       41%         2
 Scorch                   Fire           0%         2d5       41%         2
 Call Canine Familiar     Summ           0%         N/A       65%         3
 Confusing Touch          Hex            0%         N/A       65%         3
 Dazzling Flash           Conj/Hex       0%         N/A       65%         3
 Fugue of the Fallen      Necr           0%         N/A       65%         3
 Gell's Gravitas          Tloc           0%         N/A       65%         3
 Inner Flame              Hex/Fire       0%         N/A       65%         3
 Mephitic Cloud           Conj/Alch/Air  0%         N/A       65%         3
 Ozocubu's Armour         Ice            0%         N/A       65%         3
 Passwall                 Erth           0%         N/A       65%         3
 Sigil of Binding         Hex            0%         N/A       65%         3
 Stone Arrow              Conj/Erth      0%         3d7       65%         3
 Summon Ice Beast         Ice/Summ       0%         N/A       65%         3
 Teleport Other           Tloc           0%         N/A       65%         3
 Tukima's Dance           Hex            0%         N/A       65%         3
 Vampiric Draining        Necr           0%         2d6       65%         3
 Animate Armour           Summ/Erth      0%         N/A       96%         4
 Animate Dead             Necr           0%         N/A       96%         4
 Brom's Barrelling Bould  Conj/Erth      0%         2d3       96%         4
 Dimensional Bullseye     Hex/Tloc       0%         N/A       96%         4
 Dispel Undead            Necr           0%         3d6       96%         4
 Flame Wave               Conj/Fire      0%         2d4       96%         4
 Ignite Poison            Fire/Alch      0%         N/A       96%         4
 Manifold Assault         Tloc           0%         N/A       96%         4
 Olgreb's Toxic Radiance  Alch           0%         N/A       96%         4
 Passage of Golubria      Tloc           0%         N/A       96%         4
 Petrify                  Alch/Erth      0%         N/A       96%         4
 Sticky Flame             Fire/Alch      0%         2d4       96%         4
 Vhi's Electric Charge    Tloc/Air       0%         N/A       96%         4
 Alistair's Intoxication  Alch           0%         N/A       100%        5
 Arcjolt                  Conj/Air       0%         1d10      100%        5
 Borgnjor's Vile Clutch   Necr/Erth      0%         N/A       100%        5
 Curse of Agony           Necr           0%         N/A       100%        5
 Freezing Cloud           Conj/Ice/Air   0%         6-21      100%        5
 Irradiate                Conj/Alch      0%         3d11      100%        5
 Iskenderun's Battlesphe  Conj           0%         2d6       100%        5
 Silence                  Hex/Air        0%         N/A       100%        5
 Summon Forest            Summ/Tloc      0%         N/A       100%        5
 Summon Mana Viper        Hex/Summ       0%         N/A       100%        5
 Yara's Violent Unravell  Hex/Alch       0%         3d3       100%        5
 Bombard                  Conj/Erth      0%         9d1       100%        6
 Death Channel            Necr           0%         N/A       100%        6
 Eringya's Noxious Bog    Alch           0%         4d6       100%        6
 Plasma Beam              Fire/Air       0%         2x1d10    100%        6
 Starburst                Conj/Fire      0%         6d3       100%        6
 Summon Cactus Giant      Summ           0%         N/A       100%        6
 Malign Gateway           Summ/Tloc      0%         N/A       100%        7
 Monstrous Menagerie      Summ           0%         N/A       100%        7
 Ozocubu's Refrigeration  Ice            0%         4d7       100%        7
 Spellforged Servitor     Conj/Summ      0%         N/A       100%        7
 Summon Hydra             Summ           0%         N/A       100%        7
 Discord                  Hex            0%         N/A       100%        8
 Ignition                 Fire           0%         3d3       100%        8
 Lehudib's Crystal Spear  Conj/Erth      0%         10d2      100%        8
 Maxwell's Capacitive Co  Air            0%         ∞         100%        8
 Summon Horrible Things   Summ           0%         N/A       100%        8
 Chain Lightning          Conj/Air       0%         N/A       100%        9
 Fire Storm               Conj/Fire      0%         5d1       100%        9
 Shatter                  Erth           0%         3d5*      100%        9
 Sublimation of Blood     Necr           Unusable   N/A       N/A         2

Dungeon Overview and Level Annotations

Branches:
Dungeon (15/15)            Temple (1/1) D:4            Lair (5/5) D:8
 Shoals (4/4) Lair:3        Snake (4/4) Lair:2        Slime (0/5) Lair:5
    Orc (2/2) D:11            Elf (0/3) Orc:2        Vaults (5/5) D:14
  Crypt (0/3) Vaults:3     Depths (4/4) D:15            Zot (5/5) Depths:4
 Bailey (visited)         Volcano (visited)

Altars:
Ashenzari
Cheibriados
Dithmenos
Elyvilon
Fedhas
Gozag
Hepliaklqana
Kikubaaqudgha
Makhleb
Nemelex Xobeh
Okawaru
Qazlal
Ru
Sif Muna
Trog
Uskayaw
Vehumet
Wu Jian
Xom
Yredelemnul
Zin
The Shining One
Jiyva
Lugonu

Shops:
D:1 [*(   D:6 [   Orc:2 [(*=   Snake:1 :   Snake:2 (:   Snake:3 !(:*
Vaults:4 =:*   Vaults:5 ?!

Portals:
Hell: Depths:1 Depths:2 Depths:3 Depths:4
Abyss: Orc:1 Depths:2 Depths:3
Pandemonium: Depths:2
Ziggurat: Depths:1

Annotations:
Vaults:3 2 runed translucent doors, Lukheov's ghost, veteran DrWn; SlowGraham's ghost, legendary KoMo
Depths:1 1 runed translucent door
Zot:3 2 transporters, exclusion: obsidian statue


Innate Abilities, Weirdness & Mutations

You are a living statue of rough stone.
Your actions are slow, but your melee attacks are powerful.
You are resistant to unholy torment.
Your maximum health is greatly increased.
Your equipment is partially melded.
You are amphibious.
You are immune to poison.
((You cover ground slowly.))
You can hop long distances.
You have an extended range of vision and can be seen from far away.
Your magical capacity is low. (-10% MP)


Message History

The angel is lightly wounded.
The angel hits you with a +2 whip of holy wrath!
You block the angel's attack.
You pummel the angel!!
The angel is moderately wounded.
You block the angel's attack. The angel hits you but does no damage.
You miss the angel.
The angel is moderately wounded.
The angel hits you but does no damage. x2
You punch the angel!
The angel is moderately wounded.
The angel hits you but does no damage. You block the angel's attack.
The angel misses you. The angel hits you but does no damage.
You miss the angel.
The angel is moderately wounded.
The angel hits you but does no damage. x2
You pummel the angel like a punching bag!!!!
You kill the angel!
Fedhas accepts your kill.
Things that are here:
a +2 whip of holy wrath; a +0 robe HP restored.
A toenail golem comes into view.
There is a large open door here.
The toenail golem attacks as it pursues you!
The toenail golem completely misses you.
The toenail golem hits you but does no damage.
The toenail golem attacks as it pursues you!
The toenail golem closely misses you.
The toenail golem attacks as it pursues you!
You block the toenail golem's attack.
The toenail golem hits you but does no damage.
There is a staircase leading out of the dungeon here.
You squash the toenail golem like an ant!!!
The toenail golem is severely damaged.
You squash the toenail golem like an ant!!!!
You destroy the toenail golem!
Fedhas accepts your kill.
Your Shields skill increases to level 11!
You have escaped!

..#.#..#.........#####......#
..#.#..#.......)............#
........).#.........##..#####
..#.#####.....##''##..#..## ###
..#.# ##...##P..P##....)## #..
###.## ##..####♣PP♣####....####..
##...###..##############.....##..
.'...'...####P..♣P♣♣P####.#...'..
##...##..# #P♣..8...PP# #...###..
##...##..# #..........# #.#####..
.'.......# #'##P...##'# #.## #...
##....#..# #.P##''##..# #..###...
........###P♣.#....#P.♣ ##..##...
###.#..########P...########......
.##.#.###..............PP###..#..
.##.#.#.....♣P...♣P..♣....♣#..#..
.##....(.....♣.........P......#..


There were no monsters in sight!

Vanquished Creatures
  2 pandemonium lords
  Frederick (Vaults:3)
  3 dread liches (Zot:5)
  3 ancient liches
  8 orbs of fire
  Mennas (Vaults:4)
  Josephina (Zot:2)
  A juggernaut (Depths:4)
  Parghit (Depths:4)
  Sojobo (Depths:2)
  A Killer Klown (Zot:5)
  2 curse toes
  Nikola (Depths:1)
  13 golden dragons
  A pearl dragon (Abyss:3)
  3 doom hounds (Zot:1)
  A Brimstone Fiend (Zot:1)
  10 electric golems
  Asterion (Snake:2)
  4 liches
  28 Orb Guardians
  14 tentacled monstrosities
  Mlioglotl (Shoals:4)
  2 Ice Fiends (Zot:4)
  Grunn (Zot:1)
  A walking divine tome (Depths:4)
  A titan (Vaults:5)
  7 quicksilver dragons
  8 sphinxes
  8 death cobs
  A kraken (Shoals:2)
  Agnes (D:14)
  5 tengu reavers
  9 shadow dragons
  12 fire giants
  7 nagarajas
  13 storm dragons
  2 draconian knights (Zot:5)
  2 protean progenitors (Zot:3)
  2 deep elf sorcerers (Vaults:5)
  14 draconian monks
  10 frost giants
  7 draconian shifters
  11 vault wardens
  3 draconian scorchers
  The ghost of NitroKuite the Brawler, a journeyman TrSh of Qazlal (Orc:2)
  Louise (Snake:4)
  2 draconian stormcallers
  3 ghost moths
  5 draconian annihilators
  An angel (D:1)
  2 orc warlords
  A spriggan defender (Depths:4)
  2 ironbound thunderhulks
  11 ironbound preservers
  14 stone giants
  3 formless jellyfish
  21 very ugly things
  2 lorocyprocas
  3 vampire knights
  2 deep elf death magi (Vaults:5)
  6 yellow draconians
  3 war gargoyles
  10 white draconians
  15 green draconians
  8 purple draconians
  The ghost of puimuR the Severer, a journeyman HORe of the Shining One (Orc:1)
  2 dire elephants (Vaults:4)
  23 red draconians
  9 black draconians
  Snorg (D:11)
  9 spark wasps
  3 merfolk javelineers
  10 merfolk impalers
  15 yaktaur captains
  11 fire dragons
  5 entropy weavers
  13 ettins
  Harold (Orc:1)
  A deep elf high priest (Vaults:5)
  4 great orbs of eyes
  A hell beast (D:8)
  4 hydras
  7 salamander tyrants
  34 vault guards
  A rakshasa (Depths:3)
  16 ice dragons
  2 death knights
  11 centaur warriors
  An alligator snapping turtle (Shoals:3)
  2 peacekeepers
  7 boulder beetles
  16 anacondas
  3 ogre magi
  4 ironbound frosthearts
  5 merfolk aquamancers
  6 spriggan air magi
  5 catoblepae
  2 merfolk avatars
  3 dancing weapons (Zot:2)
  8 deep troll shamans
  12 two-headed ogres
  2 tengu warriors (D:15)
  15 death yaks
  6 spriggan berserkers
  A torpor snail (shapeshifter) (Vaults:5)
  5 deep troll earth magi
  21 naga warriors
  Urug (D:13)
  2 thrashing horrors
  A soul eater (Vaults:3)
  An orc high priest (Orc:1)
  Nergalle (D:12)
  A hell knight (Vaults:5)
  10 naga sharpshooters
  An occultist (Depths:3)
  3 shock serpents
  3 spriggans
  6 sun demons
  3 skysharks
  2 wretched stars (Abyss:3)
  A fire crab (D:14)
  27 deep trolls
  4 death drakes
  8 glowing orange brains
  8 iron trolls
  8 salamander mystics
  A sea snake (shapeshifter) (Vaults:1)
  11 sea snakes
  A quicksilver dragon simulacrum (Zot:2)
  4 naga ritualists
  3 flayed ghosts
  An orange crystal statue (Zot:5)
  8 mana vipers
  A death drake (shapeshifter) (Depths:4)
  16 ironbound convokers
  4 arcanists
  2 tengu zombies (Vaults:4)
  3 necromancers
  4 phantasmal warriors
  10 lindwurms
  4 large abominations
  2 sun moths (Zot:3)
  5 harpies
  6 orc knights
  A deep elf pyromancer (D:15)
  An orb spider (shapeshifter) (Vaults:5)
  21 ugly things
  Maurice (Orc:2)
  17 manticores
  A shadow dragon skeleton (Vaults:5)
  An orc sorcerer (Orc:2)
  A manticore (shapeshifter) (Depths:3)
  A worldbinder (Abyss:3)
  36 moths of wrath
  10 cyclopes
  8 fauns
  29 salamanders
  A toenail golem (D:1)
  An iron dragon skeleton (Vaults:5)
  6 elephants (Lair:4)
  An apocalypse crab (Abyss:2)
  13 naga magi
  17 vault sentinels
  Joseph (D:7)
  A kobold blastminer (Orc:2)
  A black mamba (shapeshifter) (D:14)
  41 black mambas
  15 water nymphs
  A guardian serpent (shapeshifter) (Depths:3)
  9 merfolk sirens
  3 gargoyles
  11 guardian serpents
  3 molten gargoyles
  6 cane toads
  An unseen horror (D:12)
  3 orange demons
  Maggie (D:6)
  5 rime drakes
  12 komodo dragons
  24 yaktaurs
  Jeremiah (D:7)
  An elf skeleton (Vaults:4)
  2 yaktaur skeletons (Vaults:5)
  5 trolls
  2 merfolk (shapeshifter)
  Prince Ribbit (Bailey)
  5 wind drakes
  3 hornets
  34 merfolk
  An iron dragon simulacrum (Vaults:4)
  A raiju (Orc:1)
  A tarantella (Vaults:4)
  A glass eye (Depths:3)
  5 polar bears
  13 snapping turtles
  3 dream sheep (Shoals:3)
  14 blink frogs
  32 slime creatures
  A centaur simulacrum (D:15)
  11 water elementals
  A shadow (D:9)
  2 ynoxinuls
  Eustachio (D:6)
  A culicivora (Vaults:4)
  2 wraiths
  3 wyverns
  2 fire bats (Volcano)
  15 starcursed masses
  21 humans
  5 wargs
  47 yaks
  A fire elemental (Depths:3)
  3 basilisks
  8 redbacks
  6 vampire mosquitoes
  A neqoxec (Depths:1)
  A yellow draconian simulacrum (Zot:2)
  3 steam dragons
  Menkaure (D:7)
  A chaos spawn (Abyss:2)
  71 nagas
  2 hydra simulacra (Lair:5)
  2 acid dragons
  17 water moccasins
  A moth of wrath simulacrum (Zot:2)
  20 orc warriors
  A human zombie (Vaults:4)
  3 sky beasts
  10 ogres
  4 black bears (D:8)
  9 laughing skulls
  An ogre (shapeshifter) (D:15)
  4 boggarts (Vaults:2)
  A small abomination (Abyss:2)
  19 centaurs
  23 wolves
  4 phantoms
  13 scorpions
  34 bullfrogs
  8 wights
  13 killer bees
  The ghost of Gobbopathe the Insei, a weakling OpSh (D:3)
  4 howler monkeys
  A torpor snail simulacrum (Lair:5)
  A crimson imp (Abyss:3)
  A komodo dragon simulacrum (Lair:5)
  5 quasits
  5 lava snakes (Volcano)
  9 orc priests
  2 bombardier beetles
  5 hounds
  An iron imp (Abyss:3)
  4 jellies
  6 iguanas
  23 orc wizards
  4 gnolls
  9 adders
  A white imp (D:6)
  2 ufetubi (D:6)
  A dart slug (D:7)
  4 ribbon worms
  53 orcs
  7 endoplasms
  4 giant cockroaches
  8 goblins
  13 hobgoblins
  7 jackals
  6 quokkas
  7 ball pythons
  8 bats
  3 frilled lizards
  6 kobolds
  5 rats
  An aspiring flesh (Zot:3)
  8 ballistomycete spores
  A spectral weapon (Snake:2)
  5 tentacles (Shoals:2)
1888 creatures vanquished.

Vanquished Creatures (collateral kills)
  Mara (Shoals:4)
  A Killer Klown (Zot:5)
  A pandemonium lord (Depths:1)
  2 golden dragons
  An electric golem (Zot:5)
  A tentacled monstrosity (Vaults:5)
  Rupert (D:14)
  A lich (Depths:3)
  An Orb Guardian (Zot:5)
  A quicksilver dragon (Vaults:5)
  2 titans (Vaults:5)
  A tengu reaver (Vaults:5)
  A shadow dragon (Vaults:5)
  A storm dragon (Depths:4)
  A fire giant (Vaults:5)
  A deep elf sorcerer (Vaults:5)
  An iron dragon (Vaults:5)
  A frost giant (Vaults:5)
  5 vault wardens
  The ghost of tilp the Severer, a journeyman MiBe of Trog (Lair:5)
  A very ugly thing (Depths:4)
  2 ironbound preservers (Vaults:5)
  5 stone giants
  A black draconian (Zot:5)
  A deep elf demonologist (Vaults:5)
  A war gargoyle (Vaults:5)
  A red draconian (Depths:4)
  A dire elephant (Vaults:4)
  A fire dragon (Depths:4)
  3 ettins (Vaults:5)
  A deep elf high priest (Vaults:5)
  An entropy weaver (Vaults:4)
  A yaktaur captain (Vaults:4)
  9 vault guards (Vaults:5)
  A merfolk avatar (Shoals:4)
  A deep troll shaman (Depths:3)
  An alligator snapping turtle (Shoals:4)
  An ironbound frostheart (Vaults:4)
  A sun demon (Zot:4)
  A sea snake (Shoals:4)
  2 deep trolls (Depths:3)
  A flayed ghost (Vaults:5)
  An arcanist (Vaults:4)
  2 ironbound convokers (Vaults:5)
  A phantasmal warrior (Vaults:5)
  A cyclops (D:14)
  2 fauns (shapeshifter) (Vaults:5)
  A manticore (Shoals:4)
  An ugly thing (Depths:4)
  2 vault sentinels
  A freezing wraith (Vaults:5)
  3 yaktaurs (Vaults:4)
  An elf zombie (Vaults:5)
  A tarantella (shapeshifter) (Vaults:5)
  2 slime creatures (Vaults:4)
  A spriggan (shapeshifter) (Vaults:5)
  A yak (Lair:5)
  2 redbacks (Vaults:4)
  A small abomination (Depths:1)
  2 white imps (D:8)
  199 ballistomycete spores
289 creatures vanquished.

Vanquished Creatures (others)
  A mana viper (Snake:4)
  A rime drake (Lair:5)
  A golden dragon simulacrum (Zot:2)
  A red draconian simulacrum (Zot:2)
  An orc warrior (D:15)
  A sleepcap (D:4)
  An orc wizard (Orc:1)
  An orc (D:15)
  25 ballistomycete spores
  11 tentacles (Shoals:2)
44 creatures vanquished.

Grand Total: 2221 creatures vanquished

Notes
Turn   | Place    | Note
-------+----------+-------------------------------------------
     0 | D:1      | Charly the Barachi Shapeshifter began the quest for the
                  | Orb.
     0 | D:1      | Reached XP level 1. HP: 15/15 MP: 1/1
   215 | D:1      | Reached XP level 2. HP: 8/21 MP: 2/2
   291 | D:1      | You fall into a shaft and drop 1 floor!
   339 | D:1      | Found Hashroph's Assorted Antiques.
   381 | D:1      | Reached skill level 1 in Stealth
   436 | D:1      | Found a faded altar of an unknown god.
   457 | D:1      | Found Igotuc Idghyv's Weapon Shop.
   564 | D:1      | Found Qeppit's Antique Armour Shoppe.
   774 | D:1      | Reached XP level 3. HP: 27/27 MP: 3/3
   931 | D:1      | Bought a scroll labelled JEDIVV DOOKE for 25 gold pieces
   964 | D:2      | Found a shadowy altar of Dithmenos.
  1341 | D:2      | Reached XP level 4. HP: 33/33 MP: 4/4
  1597 | D:1      | Bought a scroll labelled JEDIVV DOOKE for 25 gold pieces
  2112 | D:3      | Found a transporter.
  2173 | D:3      | Noticed Gobbopathe's ghost (weakling OpSh)
  2175 | D:3      | Found a transporter.
  2200 | D:3      | Reached XP level 5. HP: 16/39 MP: 5/5
  3585 | D:1      | Bought a fuming brown potion for 22 gold pieces
  3613 | D:4      | Noticed a phantom
  3924 | D:3      | Killed a phantom
  3925 | D:3      | Reached skill level 4 in Unarmed Combat
  3925 | D:3      | Reached skill level 5 in Shapeshifting
  3925 | D:3      | Reached XP level 6. HP: 33/47 MP: 6/6
  4710 | D:1      | Bought 2 fizzy silvery potions for 45 gold pieces
  5019 | D:4      | Reached XP level 7. HP: 26/53 MP: 7/7
  5375 | D:4      | Found a staircase to the Ecumenical Temple.
  5385 | Temple   | Entered the Ecumenical Temple
  5407 | Temple   | Became a worshipper of Fedhas Madash
  5455 | D:4      | Found an ancient bone altar of Kikubaaqudgha.
  6012 | D:5      | Entered Level 5 of the Dungeon
  6277 | D:5      | Reached skill level 1 in Invocations
  6448 | D:5      | Reached skill level 5 in Unarmed Combat
  6693 | D:5      | Reached XP level 8. HP: 55/61 MP: 9/9
  7009 | D:5      | Reached skill level 5 in Fighting
  7303 | D:6      | Found Pupeun's Armour Emporium.
  7404 | D:6      | Noticed Maggie
  7449 | D:6      | Noticed Eustachio
  7562 | D:6      | Found an opulent altar of Gozag.
  7800 | D:6      | Killed Eustachio
  7801 | D:6      | Reached skill level 6 in Unarmed Combat
  7877 | D:6      | Reached XP level 9. HP: 69/69 MP: 11/11
  7933 | D:6      | Reached * piety under Fedhas
  8150 | D:6      | Reached skill level 1 in Evocations
  8429 | D:7      | Found a snail-covered altar of Cheibriados.
  8607 | D:7      | Found a flagged portal.
  8620 | Bailey   | Entered a bailey
  8822 | Bailey   | Reached ** piety under Fedhas
  8823 | Bailey   | Reached skill level 7 in Unarmed Combat
  9039 | Bailey   | Reached XP level 10. HP: 79/79 MP: 12/12
  9078 | Bailey   | Reached skill level 8 in Unarmed Combat
  9087 | Bailey   | Noticed a vault guard
  9093 | Bailey   | Noticed Prince Ribbit
  9093 | Bailey   | Noticed a vault guard
  9105 | Bailey   | Killed Prince Ribbit
  9107 | Bailey   | Killed a vault guard
  9232 | Bailey   | Killed a vault guard
  9233 | Bailey   | Reached skill level 9 in Unarmed Combat
  9478 | D:7      | Identified the ring of the Assorted Heavens {Fly rF++
                  | rCorr}
  9501 | D:7      | Noticed Jeremiah
  9516 | D:7      | Noticed Joseph
  9981 | D:7      | Killed Jeremiah
 10153 | D:7      | Reached skill level 5 in Evocations
 10399 | D:7      | Found a white marble altar of Elyvilon.
 10463 | D:7      | Killed Joseph
 10641 | D:7      | Noticed Menkaure
 10647 | D:7      | Killed Menkaure
 10648 | D:7      | Reached skill level 10 in Unarmed Combat
 10648 | D:7      | Reached XP level 11. HP: 87/87 MP: 13/13
 10814 | D:6      | Killed Maggie
 10933 | D:3      | Reached skill level 10 in Shapeshifting
 10934 | D:3      | Killed Gobbopathe's ghost
 11097 | D:1      | Bought a scroll of identify for 50 gold pieces
 11097 | D:1      | Bought a scroll of identify for 50 gold pieces
 11295 | D:8      | Noticed a two-headed ogre
 11305 | D:8      | Killed a two-headed ogre
 11503 | D:8      | Reached *** piety under Fedhas
 11724 | D:8      | Found a staircase to the Lair.
 12534 | D:9      | Noticed a manticore
 12546 | D:9      | Killed a manticore
 12547 | D:9      | Reached skill level 11 in Unarmed Combat
 12878 | D:10     | Entered Level 10 of the Dungeon
 13152 | D:10     | Noticed a two-headed ogre
 13166 | D:10     | Killed a two-headed ogre
 13261 | D:10     | Noticed a two-headed ogre
 13278 | D:10     | Killed a two-headed ogre
 13279 | D:10     | Reached skill level 5 in Invocations
 13414 | D:10     | Reached skill level 10 in Fighting
 13741 | Lair:1   | Entered Level 1 of the Lair of Beasts
 13748 | Lair:1   | Reached XP level 12. HP: 97/97 MP: 15/15
 13907 | Lair:1   | Reached skill level 12 in Unarmed Combat
 14490 | Lair:1   | Reached **** piety under Fedhas
 14624 | Lair:1   | Identified the ring "Goaryl" {Will+ Stlth+}
 14733 | Lair:2   | Found a white marble altar of Elyvilon.
 14758 | Lair:2   | Identified the +3 war axe "Wolo" {vamp, MP+9 Dex+6}
 14773 | Lair:2   | Noticed a boulder beetle
 14800 | Lair:2   | Killed a boulder beetle
 14818 | Lair:2   | Found a dark tunnel.
 14839 | Volcano  | Entered a volcano
 15048 | Volcano  | Found a radiant altar of Vehumet.
 15274 | Volcano  | Reached skill level 13 in Unarmed Combat
 15278 | Volcano  | Noticed a red draconian
 15298 | Volcano  | Killed a red draconian
 15812 | Lair:2   | Gained mutation: You can hop long distances. [Barachi
                  | growth]
 15812 | Lair:2   | Reached XP level 13. HP: 105/106 MP: 13/17
 16133 | Lair:2   | Reached skill level 14 in Unarmed Combat
 16133 | Lair:2   | Reached XP level 14. HP: 115/115 MP: 19/19
 16172 | Lair:2   | You are sucked into a shaft and drop 1 floor!
 16532 | Lair:2   | Found a staircase to the Snake Pit.
 17804 | Lair:3   | Reached skill level 15 in Unarmed Combat
 17846 | Lair:3   | Reached ***** piety under Fedhas
 18305 | Lair:3   | Found a staircase to the Shoals.
 19389 | Lair:5   | Entered Level 5 of the Lair of Beasts
 19416 | Lair:5   | Found a blossoming altar of Fedhas.
 19651 | Lair:5   | Found a runed translucent gate.
 19651 | Lair:5   | Found a runed translucent gate.
 19652 | Lair:5   | Found a runed translucent gate.
 19689 | Lair:5   | Noticed tilp's ghost (journeyman MiBe)
 19924 | Lair:5   | Found a staircase to the Slime Pits.
 19924 | Lair:5   | Found a viscous altar of Jiyva.
 20264 | Lair:5   | Reached XP level 15. HP: 101/123 MP: 14/21
 20448 | Lair:5   | Reached skill level 16 in Unarmed Combat
 21662 | Lair:5   | Killed tilp's ghost
 22139 | D:11     | Reached skill level 10 in Evocations
 22347 | D:11     | Found a staircase to the Orcish Mines.
 22454 | D:11     | Noticed Snorg
 22463 | D:11     | Killed Snorg
 23766 | D:12     | Noticed Nergalle
 23775 | D:12     | Killed Nergalle
 24180 | D:13     | Found a portal to a secret trove of treasure.
 24311 | D:12     | Reached skill level 17 in Unarmed Combat
 24787 | D:13     | Noticed Urug
 24809 | D:13     | Killed Urug
 25582 | D:14     | Found a gate to the Vaults.
 25630 | D:14     | Reached ****** piety under Fedhas
 25664 | D:14     | Reached XP level 16. HP: 119/134 MP: 19/23
 25912 | D:14     | Noticed Rupert
 25915 | D:14     | Paralysed by Rupert for 4 turns
 25924 | D:14     | Killed Rupert
 25925 | D:14     | Reached skill level 15 in Fighting
 26191 | D:14     | Reached skill level 5 in Dodging
 26506 | D:14     | Noticed Agnes
 26520 | D:14     | Killed Agnes
 26547 | D:14     | Found the +9 sword of Power {lifebolt}
 26548 | D:14     | Noticed a tengu reaver
 26636 | D:14     | Killed a tengu reaver
 27092 | D:15     | Entered Level 15 of the Dungeon
 27133 | D:15     | Reached skill level 10 in Invocations
 27361 | D:15     | Reached skill level 18 in Unarmed Combat
 27765 | D:15     | Found a staircase to the Depths.
 28378 | Orc:1    | Entered Level 1 of the Orcish Mines
 28479 | Orc:1    | Found a transporter.
 28479 | Orc:1    | Found a transporter.
 28481 | Orc:1    | Noticed puimuR's ghost (journeyman HORe)
 28625 | Orc:1    | Noticed Harold
 28639 | Orc:1    | Killed Harold
 28931 | Orc:1    | Found a one-way gate to the infinite horrors of the Abyss.
 28955 | Orc:1    | Identified a scroll of acquirement
 29500 | Orc:2    | Entered Level 2 of the Orcish Mines
 29500 | Orc:2    | Found Jecasseo's Antique Armour Boutique.
 30015 | Orc:2    | Found Vuote's Antique Weapon Shoppe.
 30418 | Orc:2    | Noticed Maurice
 30423 | Orc:2    | Found Kuofobiat's Jewellery Boutique.
 30439 | Orc:2    | Something stole a flux talisman
 30447 | Orc:2    | Something stole a ring of poison resistance
 30453 | Orc:2    | Killed Maurice
 30461 | Orc:2    | Found a staircase to the Elven Halls.
 30838 | Orc:2    | Found Zezxen's General Store.
 31011 | Orc:2    | Found a runed translucent door.
 31011 | Orc:2    | Noticed NitroKuite's ghost (journeyman TrSh)
 31016 | Orc:2    | Paralysed by an orc sorcerer for 3 turns
 31201 | Orc:2    | Bought the amulet "Kuriom" {rF+++ Regen+ Str+4 Stlth-} for
                  | 869 gold pieces
 31201 | Orc:2    | Bought a dragon-blood talisman for 660 gold pieces
 31309 | Orc:2    | Killed NitroKuite's ghost
 31443 | Orc:1    | Killed puimuR's ghost
 31528 | Orc:1    | Reached XP level 17. HP: 146/146 MP: 19/24
 31530 | Orc:1    | Acquired 695 gold pieces
 31655 | Orc:2    | Bought a ring of protection from cold for 275 gold pieces
 31828 | Snake:1  | Entered Level 1 of the Snake Pit
 31956 | Snake:1  | Found Zuocar's Self-Improvement Boutique.
 32559 | Snake:2  | Reached skill level 19 in Unarmed Combat
 32574 | Snake:2  | Noticed Asterion
 32988 | Snake:2  | Reached skill level 15 in Shapeshifting
 33050 | Snake:2  | Killed Asterion
 33432 | Snake:2  | Found Vappifil's Book Shoppe.
 33433 | Snake:2  | Found Istisigg's Weapon Emporium.
 34197 | Snake:3  | Found Tirosain's Assorted Antiques.
 34436 | Snake:3  | Found Omees's Book Boutique.
 34438 | Snake:3  | Found Ycihumet's Antique Weapon Shop.
 34440 | Snake:3  | Found Wedeco Nargh's Distillery.
 34477 | Snake:3  | Bought 2 potions of heal wounds for 140 gold pieces
 34477 | Snake:3  | Bought a potion of curing for 42 gold pieces
 34477 | Snake:3  | Bought a potion of resistance for 140 gold pieces
 34477 | Snake:3  | Bought a potion of might for 56 gold pieces
 34772 | Snake:3  | Reached XP level 18. HP: 157/157 MP: 26/26
 35087 | Snake:4  | Entered Level 4 of the Snake Pit
 35112 | Snake:4  | Reached skill level 20 in Unarmed Combat
 36865 | Snake:4  | Noticed Louise
 36879 | Abyss:2  | Cast into level 2 of the Abyss (Louise)
 37152 | Abyss:3  | Noticed a pearl dragon
 37162 | Abyss:3  | Killed a pearl dragon
 37169 | Abyss:3  | Paralysed by accursed screaming for 1 turns
 37194 | Snake:4  | Escaped the Abyss
 37209 | Snake:4  | Killed Louise
 37210 | Snake:4  | Reached skill level 21 in Unarmed Combat
 37378 | Snake:4  | Got a serpentine rune of Zot
 37652 | Shoals:1 | Entered Level 1 of the Shoals
 37684 | Shoals:1 | Reached XP level 19. HP: 161/161 MP: 28/28
 40728 | Shoals:4 | Entered Level 4 of the Shoals
 40744 | Shoals:4 | Noticed Mara
 40751 | Shoals:4 | Noticed Charly's illusion
 40797 | Shoals:4 | Killed Mara
 41233 | Shoals:4 | Noticed Mlioglotl
 41269 | Shoals:4 | Killed Mlioglotl
 41458 | Shoals:4 | Reached skill level 22 in Unarmed Combat
 42139 | Shoals:4 | Reached XP level 20. HP: 178/178 MP: 29/29
 42174 | Shoals:4 | Got a barnacled rune of Zot
 42486 | Vaults:1 | Entered Level 1 of the Vaults
 42950 | Vaults:1 | Paralysed by a sphinx for 2 turns
 43043 | Vaults:1 | HP: 8/270 [centaur warrior/arrow (16)]
 44905 | Vaults:2 | Reached skill level 23 in Unarmed Combat
 45779 | Vaults:3 | Found a staircase to the Crypt.
 46077 | Vaults:3 | Identified the orb of Juk Cib {*channel, Stlth+}
 46077 | Vaults:3 | Noticed Frederick
 46096 | Vaults:3 | Killed Frederick
 46221 | Vaults:3 | Reached XP level 21. HP: 187/187 MP: 26/31
 46526 | Vaults:3 | Found a large runed translucent door.
 46526 | Vaults:3 | Found a large runed translucent door.
 46526 | Vaults:3 | Noticed Lukheov's ghost (veteran DrWn)
 46526 | Vaults:3 | Noticed SlowGraham's ghost (legendary KoMo)
 47748 | Vaults:4 | Found Osife's Jewellery Shop.
 48075 | Vaults:4 | Noticed Mennas
 48085 | Vaults:4 | Killed Mennas
 48390 | Vaults:4 | Found Dinizeir's Book Shop.
 48575 | Vaults:4 | Found Usidghiynk's General Store.
 48584 | Vaults:4 | Bought a scroll of teleportation for 57 gold pieces
 48882 | Depths:1 | Entered Level 1 of the Depths
 48905 | Depths:1 | Noticed Nikola
 48922 | Depths:1 | Killed Nikola
 48956 | Depths:1 | Reached skill level 24 in Unarmed Combat
 49018 | Depths:1 | Found a one-way gateway to a ziggurat.
 49040 | Depths:1 | Found a gateway to Hell.
 49073 | Depths:1 | Found a white marble altar of Elyvilon.
 49073 | Depths:1 | Found a runed translucent door.
 49734 | Depths:2 | Reached XP level 22. HP: 196/196 MP: 32/32
 50044 | Depths:2 | Paralysed by a vampire knight for 3 turns
 50181 | Depths:2 | Noticed a golden dragon
 50200 | Depths:2 | Killed a golden dragon
 50401 | Depths:2 | Found an opulent altar of Gozag.
 50439 | Depths:2 | Found an iron altar of Okawaru.
 50490 | Depths:2 | Found a one-way gate leading to the halls of Pandemonium.
 50565 | Depths:2 | Found a corrupted altar of Lugonu.
 50926 | Depths:2 | Noticed Sojobo
 50978 | Depths:2 | Killed Sojobo
 51741 | Depths:3 | HP: 9/297 [deep troll (11)]
 52003 | Depths:3 | Reached skill level 25 in Unarmed Combat
 52197 | D:13     | You paid a toll of +3 ice dragon scales to enter a treasure
                  | trove
 52198 | Trove    | Entered a treasure trove
 52206 | Trove    | Identified the amulet of the Ego {Acrobat Regen+ Str+7
                  | Int+2 Dex-3}
 52212 | Trove    | Identified the ring "Laufrox" {rF+ rC+ Str-3 Dex+5 SInv}
 52216 | Trove    | Identified the amulet of Kikubaaqudgha's Scorn {rPois rF+
                  | Regen+ Str+3}
 52219 | Trove    | Identified the ring "Cyckyappym" {^Contam rN+ EV+5 SInv}
 52224 | Trove    | Identified the ring of Vocikik {rElec Will+ EV+5 Int+3}
 52226 | Trove    | Identified the amulet "Qecer" {RegenMP rN+}
 52229 | Trove    | Identified the ring "Boewu" {*Corrode Fly Dex+3}
 52235 | Trove    | Identified the ring "Kuebbat" {Str-5 Int+6 Dex+6 SInv
                  | Stlth+}
 52247 | Trove    | Identified the amulet "Yrurol" {Acrobat Str+3}
 53487 | Depths:4 | Entered Level 4 of the Depths
 53557 | Depths:4 | Reached XP level 23. HP: 205/205 MP: 34/34
 53580 | Depths:4 | Reached skill level 15 in Invocations
 54017 | Depths:4 | Found a gate to the Realm of Zot.
 54017 | Depths:4 | Noticed a golden dragon
 54017 | Depths:4 | Noticed a golden dragon
 54050 | Depths:4 | Noticed a golden dragon
 54054 | Depths:4 | Killed a golden dragon
 54560 | Depths:4 | Killed a golden dragon
 54604 | Depths:4 | Noticed a juggernaut
 54615 | Depths:4 | Killed a juggernaut
 54830 | Depths:4 | Identified the +7 mace of the Endless Expanse {heavy, rElec
                  | rN+ Int+2}
 55153 | Depths:4 | Killed a golden dragon
 55214 | Depths:4 | Noticed Parghit
 55234 | Depths:4 | Killed Parghit
 56055 | Vaults:5 | Entered Level 5 of the Vaults
 56060 | Vaults:5 | Noticed an ancient lich
 56066 | Vaults:5 | Killed an ancient lich
 56071 | Vaults:5 | Paralysed by an ogre mage for 3 turns
 56120 | Vaults:5 | Reached skill level 26 in Unarmed Combat
 56147 | Vaults:5 | Identified the +3 flail "Salameas" {elec, Str+4}
 56162 | Vaults:5 | Reached XP level 24. HP: 215/215 MP: 34/34
 56201 | Vaults:5 | Identified the ring of the Eagle {^Contam rPois Int+3
                  | Dex+3}
 56566 | Vaults:5 | Noticed an ancient lich
 56571 | Vaults:5 | Killed an ancient lich
 56697 | Vaults:5 | Reached skill level 10 in Dodging
 57145 | Vaults:5 | Found Borexazu's Magic Scroll Boutique.
 57150 | Vaults:5 | Bought a scroll of teleportation for 69 gold pieces
 57150 | Vaults:5 | Bought a scroll of teleportation for 69 gold pieces
 57171 | Vaults:5 | Found Kujahe's Distillery.
 57565 | Vaults:5 | Got a silver rune of Zot
 57572 | Vaults:5 | Identified the +1 cloak of Wicked Intercession {rCorr}
 57626 | Vaults:5 | Found Niwimiwn's Distillery.
 57631 | Vaults:5 | Bought a potion of mutation for 144 gold pieces
 57631 | Vaults:5 | Bought a potion of mutation for 144 gold pieces
 57631 | Vaults:5 | Bought a potion of magic for 144 gold pieces
 57631 | Vaults:5 | Bought a potion of ambrosia for 144 gold pieces
 57631 | Vaults:5 | Bought a potion of ambrosia for 144 gold pieces
 58097 | Zot:1    | Entered Level 1 of the Realm of Zot
 58117 | Zot:1    | Noticed an orb of fire
 58123 | Zot:1    | Gained mutation: Your magical capacity is low. (-10% MP)
                  | [an orb of fire]
 58124 | Zot:1    | Noticed Grunn
 58126 | Zot:1    | Killed an orb of fire
 58276 | Zot:1    | Killed Grunn
 58719 | Zot:1    | Noticed an orb of fire
 58729 | Zot:1    | Killed an orb of fire
 58732 | Zot:1    | Reached XP level 25. HP: 201/201 MP: 31/31
 58961 | Zot:1    | Paralysed by a Zot trap for 5 turns
 59298 | Zot:2    | Reached skill level 27 in Unarmed Combat
 59995 | Zot:2    | Identified the ring of Mowi {Ice Str+2 Int+3}
 59995 | Zot:2    | Noticed Josephina
 60432 | Zot:2    | Found a stormy altar of Qazlal.
 60433 | Zot:2    | Noticed an ancient lich
 60593 | Zot:2    | Killed an ancient lich
 60979 | Zot:2    | Killed Josephina
 61877 | Vaults:4 | Bought the +3 warlock's mirror {omnireflect} for 760 gold
                  | pieces
 61877 | Vaults:4 | Found the +3 warlock's mirror {omnireflect}
 62257 | Zot:3    | Reached skill level 1 in Shields
 62365 | Zot:3    | You fall into a shaft and drop 1 floor!
 62474 | Zot:3    | Noticed a Killer Klown
 62476 | Zot:3    | Found a transporter.
 62476 | Zot:3    | Noticed an orb of fire
 62499 | Zot:3    | Found a transporter.
 62946 | Zot:4    | Reached XP level 26. HP: 234/234 MP: 31/31
 63421 | Zot:4    | Reached skill level 5 in Shields
 63749 | Zot:5    | Entered Level 5 of the Realm of Zot
 64469 | Zot:5    | Noticed an orb of fire
 64472 | Zot:5    | Noticed an orb of fire
 64474 | Zot:5    | Noticed an orb of fire
 64475 | Zot:5    | Noticed an orb of fire
 64476 | Zot:5    | Noticed an orb of fire
 64479 | Zot:5    | Noticed an orb of fire
 64484 | Zot:5    | Noticed a Killer Klown
 64487 | Zot:5    | Killed an orb of fire
 64506 | Zot:5    | Killed an orb of fire
 64506 | Zot:5    | Noticed a dread lich
 64512 | Zot:5    | Killed an orb of fire
 64516 | Zot:5    | Killed an orb of fire
 64525 | Zot:5    | Killed an orb of fire
 64533 | Zot:5    | Killed an orb of fire
 64537 | Zot:5    | Killed a dread lich
 64543 | Zot:5    | Killed a Killer Klown
 64669 | Zot:5    | Noticed a dread lich
 64678 | Zot:5    | Killed a dread lich
 64724 | Zot:5    | Noticed a dread lich
 64731 | Zot:5    | Killed a dread lich
 65010 | Zot:5    | Reached XP level 27. HP: 242/242 MP: 22/32
 65059 | Zot:5    | Reached skill level 10 in Shields
 65497 | Zot:5    | Got the Orb of Zot
 65551 | Zot:4    | Noticed Enanavvo the pandemonium lord
 65570 | Zot:4    | Killed Enanavvo the pandemonium lord
 65601 | Zot:2    | Noticed Ludygaeg the pandemonium lord
 65740 | Depths:4 | Noticed Kegipsis the pandemonium lord
 65754 | Depths:4 | Killed Kegipsis the pandemonium lord
 65849 | Depths:1 | Noticed Gaoce the pandemonium lord
 65863 | Depths:1 | Killed Gaoce the pandemonium lord
 65939 | D:13     | Noticed Caito the pandemonium lord
 66037 | D:8      | Noticed Nociw the pandemonium lord
 66039 | D:8      | Noticed an ancient lich
 66049 | D:8      | Noticed Ozishrod the pandemonium lord
 66198 | D:$      | Escaped with the Orb!

Illustrated notes

Levels and vault maps discovered:
D:1:      denvon_arrival_planthouse, layout_basic, serial_shops,
          nicolae_lakefront_shop, nicolae_shop_pleasant_corner_grove, shop,
          dreamdust_ecumenical_altar_statues, serial_bayou_pond_e
D:2:      layout_rooms, basic_altar, chequers_serial_rivers_small_a
D:3:      layout_basic, gammafunk_ghost_stat_death, chequers_garden
D:4:      layout_layer_cave, mainiacjoe_overflow_24_doors, temple_hall,
          st_stairs_10, minmay_misc_feat_four_crosses
D:5:      layout_basic
D:6:      layout_cave_pools, kennysheep_mini, serial_shops, shop,
          kennysheep_big_empty_room, uniq_maggie, uniq_eustachio
D:7:      lemuel_ice_spiral_2, layout_basic, kennysheep_slug_shrine,
          elyvilon_altar_3, enter_bailey_3, uniq_joseph, uniq_menkaure,
          uniq_jeremiah
D:8:      layout_cave_pools, due_lair_maze_entry_diamond, serial_park,
          serial_park_avenue1, serial_park_square2, serial_park_square3
          [serial_park_minivault_5x5_3]
D:9:      layout_loops_ring
D:10:     layout_small_grid
D:11:     layout_stronghold, david_orc_3, minmay_mirror_moons_of_madness,
          uniq_snorg
D:12:     layout_loops_corners, uniq_nergalle
D:13:     layout_cave_pods, enter_trove_1, uniq_urug
D:14:     minmay_guarded_unrand_sword_of_power, layout_rooms, david_vaults_3,
          serial_bayou_ford_a, uniq_agnes, uniq_rupert
D:15:     grunt_enter_depths_snipers, layout_loops_ring, minmay_misc_feat_iff,
          lemuel_flame_loot_1
Temple:   nicolae_temple_bog_church
Lair:1:   layout_loops_ring, grunt_forest_large_clearings
Lair:2:   layout_cave_pods, nicolae_snake_entry_squirm, basic_altar,
          enter_volcano_1, serial_bayou_shore_b, grunt_megastairs_2,
          uniq_prince_ribbit2
Lair:3:   layout_misc_corridors, shoals_dummy_entry
Lair:4:   layout_regular_city
Lair:5:   evilmike_catoblepas_cave, layout_regular_city,
          minmay_slime_entry_pillars, basic_altar, gammafunk_ghost_icy
Shoals:1: layout_shoals, centaur_isle
Shoals:2: layout_shoals
Shoals:3: layout_shoals, nicolae_shoals_lost_giant_amphitheater, abandoned_shop
Shoals:4: shoals_end_grunt_ice, layout_shoals,
          nicolae_shoals_nautilus_by_nature, nicolae_shoals_sun_and_surf,
          uniq_mlioglotl, uniq_mara
Snake:1:  layout_rooms, nicolae_shop_self_help, grunt_megastairs_3
Snake:2:  layout_chambers, minmay_shoptagon, uniq_asterion
Snake:3:  layout_onion_interference, nicolae_take_the_stairs,
          nicolae_snake_gridmaze_zigzag, minmay_shop_star
Snake:4:  minmay_snake_end_coiled, layout_cave_town,
          hangedman_snake_corridor_cut, uniq_louise
Orc:1:    layout_caves, gammafunk_ghost_abyssal_escape, uniq_harold
Orc:2:    grunt_orc_gardens, layout_diamond_mine, grunt_orc_garden,
          grunt_orc_garden, grunt_orc_garden, grunt_orc_garden,
          hellmonk_ghost_happy_afterlife, einodemon_barbed_minivault,
          uniq_maurice
Vaults:1: nicolae_vaults_security_offices_4, v_misc_17, vaults_room_fancy_cross,
          nicolae_vaults_tetromino_L_1, vaults_dpeg_emergency_exit, v_misc_11,
          nicolae_vaults_twisting_passages, ontoclasm_vaults_spin,
          nicolae_vaults_network_periphery, nicolae_vaults_swerve,
          nicolae_vaults_closet_pinwheel_6, nicolae_vaults_house_1,
          layout_vaults_omnicross
Vaults:2: nicolae_vaults_octothorpe, nicolae_vaults_trapezoid_lopsided_3,
          vaults_mumra_hexcomb, v_rooms_3, vaults_mumra_chevron,
          nicolae_vaults_asterisk, v_misc_13,
          nicolae_vaults_door_testing_chamber, nicolae_vaults_rhombus_7,
          nicolae_vaults_double_plus_1, nicolae_vaults_tetromino_T_1,
          layout_vaults_chaotic_city
Vaults:3: advil_vaults_ghost_guards, vaults_room_grid, ontoclasm_vaults_twist,
          v_pattern_3, ontoclasm_vaults_water_temple,
          minmay_crypt_entry_simple_round, vaults_room_pool,
          nicolae_vaults_hexular_roomagon, nicolae_vaults_closet_pinwheel_4,
          layout_vaults_omnigrid, uniq_frederick
Vaults:4: nicolae_vaults_shrinking_rooms_1, nicolae_vaults_meeting,
          nicolae_vaults_little_squares_4, nicolae_vaults_doubleplus_tesselated,
          vaults_dpeg_cross, ontoclasm_vaults_claustrophobia, vaults_dpeg_ring,
          nicolae_vaults_closet_pinwheel_2, nicolae_vaults_tetromino_Z_2,
          hangedman_vaults_variations, nicolae_vaults_ring_of_whatevers,
          layout_vaults_ring, serial_shops, nicolae_diamond_shop, shop,
          nicolae_shop_hallway_plus, uniq_mennas, uniq_margery
Vaults:5: serial_shops
Depths:1: layout_twisted_cross, enter_ziggurat_a, hell_entry,
          grunt_decor_fettered, lemuel_angel_altar, uniq_nikola
Depths:2: kennysheep_green_arena, layout_basic, abyss_entry_flame_altar,
          pan_entry, hell_entry, hellmonk_okawaru_the_only_friend_you_need,
          nicolae_gozag_seed_capital, minmay_staircase_windowed_large,
          uniq_sojobo
Depths:3: minmay_the_grid_square_5x5_4x4 [minmay_the_grid_square_5x5_hourglass,
          minmay_the_grid_square_5x5_gyroscope,
          minmay_the_grid_square_5x5_half_checkered,
          minmay_the_grid_square_5x5_tie, minmay_the_grid_square_5x5_two_small,
          minmay_the_grid_square_5x5_prize_rear_guard,
          minmay_the_grid_square_5x5_prize_snowflake,
          minmay_the_grid_square_5x5_trominoes,
          minmay_the_grid_square_5x5_intrusive_squares,
          minmay_the_grid_square_5x5_prize_itemx,
          minmay_the_grid_square_5x5_prize_gold,
          minmay_the_grid_square_5x5_beaten_path,
          minmay_the_grid_square_5x5_detours, minmay_the_grid_square_5x5_corner,
          minmay_the_grid_square_5x5_bridge, minmay_the_grid_square_5x5_empty],
          layout_basic, hangedman_abyss_entry_splay, skrybe_limestone_x,
          grunt_hell_entry_dis_mu
Depths:4: lemuel_castle_with_subvaults [lemuel_castle_interior_original],
          layout_basic, interstate_on_off, hell_entry,
          serial_library_regret_index_split_case, uniq_parghit
Zot:1:    layout_onion_interference, uniq_grunn
Zot:2:    regret_index_qazlal_generations, layout_gridlike, lemuel_golem_globe,
          uniq_josephina
Zot:3:    gammafunk_sealed_arena, layout_gridlike, regret_index_zotdec_zees,
          lemuel_elevator
Zot:4:    layout_gridlike, grunt_megastairs_1
Zot:5:    layout_misc_corridors

Skill      XL: |  1  2  3  4  5  6  7  8  9 10 11 12 13 14 15 16 17 18 19 20 21 22 23 24 25 26 27 |
---------------+----------------------------------------------------------------------------------+-----
Stealth        | 1 2 3 |  3.0
Fighting       | 2 3 4 6 7 8 10 11 12 13 14 16 18 19 20 21 22 23 24 25 | 25.7
Shapeshifting  | 4 5 6 7 9 10 11 12 13 14 15 17 18 19 20 21 22 23 24 25 | 25.0
Unarmed Combat | 4 5 6 7 10 11 13 14 15 17 18 19 21 22 23 24 25 26 27 | 27.0
Invocations    | 1 3 5 6 7 8 9 10 11 12 13 14 15 16 17 | 17.8
Evocations     | 3 5 6 8 9 10 | 10.0
Dodging        | 4 7 9 10 12 13 14 | 14.4
Shields        | 3 9 11 | 11.0

Action                     |  1- 3 |  4- 6 |  7- 9 | 10-12 | 13-15 | 16-18 | 19-21 | 22-24 | 25-27 || total
---------------------------+-------+-------+-------+-------+-------+-------+-------+-------+-------++-------
  Melee: Unarmed           |    73 |       |   249 |   352 |   688 |   936 |   894 |   668 |   812 ||  4672
         Punch             |     2 |     5 |     3 |       |       |    65 |   126 |   121 |    56 ||   378
         Dagger            |    19 |   159 |    32 |       |       |       |       |       |       ||   210
         Constrict         |       |       |    10 |    84 |   153 |    60 |       |       |       ||   307
         Tailslap          |       |       |       |       |       |   107 |   163 |   129 |    57 ||   456
         Bite              |       |       |       |       |       |    68 |   120 |   105 |    38 ||   331
  Throw: Dart              |     8 |    58 |     9 |       |       |       |       |       |       ||    75
 Invoke: Wall of Briars    |       |       |       |     4 |       |       |     3 |     2 |     1 ||    10
         Grow Ballistomyce |       |       |       |     6 |     8 |    13 |     7 |     7 |     1 ||    42
         Grow Oklob        |       |       |       |       |     1 |     1 |     6 |    16 |    10 ||    34
         Overgrow          |       |       |       |       |       |       |     1 |     1 |       ||     2
Ability: Hop               |       |     3 |     3 |       |       |       |       |       |       ||     6
         Begin Untransform |       |       |     2 |       |       |     1 |       |       |     2 ||     5
         Breathe Fire      |       |       |       |       |       |     4 |     2 |       |       ||     6
  Evoke: Wand              |       |       |       |    12 |     2 |    16 |     3 |       |     6 ||    39
         Phantom mirror    |       |       |       |       |     1 |       |     1 |     1 |       ||     3
         Box of beasts     |       |       |       |       |       |       |     2 |       |       ||     2
         Condenser vane    |       |       |       |       |       |       |     1 |     2 |       ||     3
    Use: Potion            |     1 |     2 |     2 |       |     4 |     4 |    10 |     5 |     5 ||    33
         Scroll            |       |     3 |     9 |    11 |    12 |     1 |     7 |     7 |     8 ||    58
   Stab: Sleeping          |     3 |     1 |     3 |     5 |    10 |     3 |     2 |     3 |     2 ||    32
         Distracted        |       |       |     1 |     2 |     2 |       |     4 |    10 |     5 ||    24
         Confused          |       |       |       |     2 |     7 |     4 |       |     2 |       ||    15
         Invisible         |       |       |       |       |       |       |     3 |       |       ||     3
         Paralysed         |       |       |       |       |       |       |     2 |       |       ||     2
 Armour: Animal skin       |    39 |    80 |    25 |       |       |       |       |       |       ||   144
         Skin              |     7 |     7 |    97 |   264 |   560 |   846 |   830 |   559 |   584 ||  3754
  Dodge: Dodged            |    53 |    89 |   193 |   138 |   283 |   420 |   341 |   326 |   673 ||  2516
  Block: Buckler           |       |       |       |       |       |       |       |       |   256 ||   256
         Reflection        |       |       |       |       |       |       |       |       |    25 ||    25
   Form: Beast             |     1 |       |       |       |       |       |       |       |       ||     1
         Flux              |       |       |     2 |       |       |       |       |       |       ||     2
         Serpent           |       |       |     1 |       |       |       |       |       |       ||     1
         Dragon            |       |       |       |       |       |     1 |       |       |       ||     1
         Statue            |       |       |       |       |       |       |       |       |     2 ||     2
